 Dungeon Crawl Stone Soup version 0.29.1-12-g30fa7ad0bf (webtiles) character file.

Game seed: 3742368336894603730

1396 zeram the Cudgeller (level 8, 0/74 HPs)
             Began as a Troll Fighter on Dec 23, 2022.
             Was an Initiate of Qazlal.
             Slain by a troll (15 damage)
             ... on level 5 of the Dungeon.
             The game lasted 00:14:11 (5073 turns).

zeram the Cudgeller (Troll Fighter)                 Turns: 5073, Time: 00:14:11

Health: 0/74       AC:  6    Str: 24    XL:     8   Next: 41%
Magic:  7/7        EV: 10    Int:  5    God:    Qazlal [......]
Gold:   278        SH:  0    Dex: 13    Spells: 0/7 levels left

rFire   . . .      SeeInvis +   a - +1 flail
rCold   . . .      Faith    .   c - +0 kite shield
rNeg    . . .      Spirit   .   b - +0 robe
rPois   .          Reflect  .   (helmet restricted)
rElec   .          Harm     .   (no cloak)
rCorr   .          Rampage  .   (gloves unavailable)
Will    .....                   (boots unavailable)
Stlth   +.........              (no amulet)
HPRegen 1.02/turn               m - ring of see invisible
MPRegen 0.10/turn               (no ring)

@: confused, ambrosia-drunk
A: large, unfitting armour, claws 3, regeneration 1, shaggy fur 1, tough skin 1,
iridescent scales 1, agile 1
a: Renounce Religion


You were on level 5 of the Dungeon.
You worshipped Qazlal.
Qazlal was noncommittal.
You visited 2 branches of the dungeon, and saw 7 of its levels.

You collected 278 gold pieces.

Inventory:

Hand Weapons
 a - a +1 flail (weapon)
 f - a +0 giant club
Missiles
 j - a throwing net (quivered)
Armour
 b - a +0 robe (worn)
 c - a +0 kite shield (worn)
Jewellery
 m - a ring of see invisible (left claw)
Wands
 d - a wand of flame (17)
Scrolls
 g - 2 scrolls of blinking
 o - a scroll of noise {unknown}
 p - a scroll of teleportation
Potions
 e - a potion of cancellation
 h - a potion of magic
 i - 2 potions of brilliance
 l - a potion of curing
 n - a potion of degeneration


   Skills:
 - Level 2.4 Fighting
 + Level 7.8 Maces & Flails
 + Level 5.7 Dodging
 - Level 2.6 Shields
 * Level 0.1 Summonings


You couldn't memorise any spells.
You knew the following spells:

 Your Spells              Type           Power      Damage    Failure   Level
a - Summon Hydra          Summ           0%         N/A       100%        7

Your spell library contained the following spells:

 Spells                   Type           Power      Damage    Failure   Level
 Ensorcelled Hibernation  Hex/Ice        0%         N/A       89%         2
 Passwall                 Tmut/Erth      0%         N/A       89%         2
 Sublimation of Blood     Necr           0%         N/A       89%         2
 Wereblood                Tmut           0%         N/A       89%         2
 Swiftness                Air            0%         N/A       98%         3


Dungeon Overview and Level Annotations

Branches:
Dungeon (6/15)             Temple (1/1) D:4

Altars:
Ashenzari
Dithmenos
Elyvilon
Fedhas
Hepliaklqana
Makhleb
Okawaru
Qazlal
Ru
Sif Muna
Trog
Uskayaw
Vehumet
Wu Jian
Xom
Yredelemnul
Zin
The Shining One

Annotations:
D:4 1 runed translucent door, wormed's ghost, novice DjFE


Innate Abilities, Weirdness & Mutations

You are too large for most types of armour.
You have claws for hands.
Your natural rate of healing is unusually fast.
You are covered in fur. (AC +1)
You have tough skin. (AC +1)
You are partially covered in iridescent scales. (AC +2)
You are agile. (Dex +4, Str/Int -1)


Message History

The troll is heavily wounded.
You block the troll's attack. x2; The troll claws you but does no damage.
Unknown command.
You closely miss the troll.
The troll is heavily wounded.
The troll closely misses you. The troll claws you!
You block the troll's attack.
You closely miss the troll.
The troll is heavily wounded.
The troll bites you! You block the troll's attack.
The troll claws you but does no damage.
You barely miss the troll.
The troll is heavily wounded.
You block the troll's attack. The troll claws you but does no damage.
The troll closely misses you.
You closely miss the troll.
The troll is heavily wounded.
The troll completely misses you. You block the troll's attack.
The troll claws you but does no damage. You block the troll's attack.
The troll claws you! x2
Unknown command.
You hit the troll.
The troll is heavily wounded.
The troll bites you!
* * * LOW HITPOINT WARNING * * *
The troll claws you.
* * * LOW HITPOINT WARNING * * *
You block the troll's attack.
You feel better. The troll barely misses you. You block the troll's attack.
The troll claws you.
* * * LOW HITPOINT WARNING * * *
You are confused.
You feel invigorated. The troll bites you!
* * * LOW HITPOINT WARNING * * *
The troll closely misses you. The troll barely misses you.
Unknown command.
You closely miss the troll.
The troll is heavily wounded.
The troll bites you!
You die...

#................# #[
#.##############.# ##
#.#####........#.#
####
#.......######.#.#
#...
########.....#.#.#
#...
#########.###.#.#.#
#...
#........[....#.#.#
#...
##.######T#####.#.#
#... #.# #@).....#.#
####
#.##############.#
#.....# #.# #####.#
#.# #.# #.# #.# #.#
#.# #.########
#.##########.>.......
#....................


You could see a troll.

Vanquished Creatures
  Prince Ribbit (D:5)
  Sigmund (D:3)
  Eustachio (D:4)
  2 ogres (D:4)
  4 hounds
  A jelly (D:5)
  A gnoll bouda (D:5)
  4 orc priests
  3 iguanas
  6 orc wizards
  5 gnolls
  5 adders
  A white imp (D:5)
  A worm (D:2)
  2 dart slugs
  23 orcs
  6 ball pythons
  3 endoplasms
  7 giant cockroaches
  10 goblins
  6 hobgoblins
  A jackal (D:3)
  6 quokkas
  10 bats
  2 frilled lizards
  8 kobolds
  11 rats
131 creatures vanquished.

Vanquished Creatures (others)
  An orc wizard (D:5)
1 creature vanquished.

Grand Total: 132 creatures vanquished

Notes
Turn   | Place    | Note
-------+----------+-------------------------------------------
     0 | D:1      | zeram the Troll Fighter began the quest for the Orb.
     0 | D:1      | Reached XP level 1. HP: 22/22 MP: 0/0
    61 | D:1      | Reached skill level 2 in Maces & Flails
   122 | D:1      | Reached XP level 2. HP: 29/29 MP: 1/1
   162 | D:1      | Found a faded altar of an unknown god.
   683 | D:2      | Reached XP level 3. HP: 36/36 MP: 2/2
   858 | D:2      | Reached skill level 3 in Maces & Flails
   958 | D:2      | Reached XP level 4. HP: 30/44 MP: 3/3
  1149 | D:2      | Reached XP level 5. HP: 46/50 MP: 4/4
  1334 | D:3      | Reached skill level 4 in Maces & Flails
  1544 | D:2      | Reached XP level 6. HP: 21/59 MP: 5/5
  2002 | D:3      | Reached skill level 5 in Maces & Flails
  2221 | D:4      | Found a staircase to the Ecumenical Temple.
  2310 | D:4      | Noticed wormed's ghost (novice DjFE)
  2314 | D:4      | Found a runed translucent door.
  2413 | D:4      | Noticed Sigmund
  2442 | D:3      | Gained mutation: You are partially covered in iridescent
                  | scales. (AC +2) [potion of mutation]
  2442 | D:3      | Gained mutation: You are agile. (Dex +4, Str/Int -1)
                  | [potion of mutation]
  2464 | D:3      | Killed Sigmund
  2465 | D:3      | Reached skill level 6 in Maces & Flails
  2465 | D:3      | Reached XP level 7. HP: 49/66 MP: 6/6
  2728 | D:4      | Noticed Eustachio
  2805 | D:4      | Killed Eustachio
  2906 | Temple   | Entered the Ecumenical Temple
  2906 | Temple   | Found a transporter.
  2906 | Temple   | Found a transporter.
  2908 | Temple   | Found a transporter.
  2908 | Temple   | Found a transporter.
  2944 | Temple   | Became a worshipper of Qazlal Stormbringer
  3059 | D:4      | Found a bloodstained altar of Trog.
  3397 | D:5      | Entered Level 5 of the Dungeon
  3420 | D:5      | Reached skill level 5 in Dodging
  3845 | D:5      | Reached skill level 7 in Maces & Flails
  3908 | D:5      | Reached XP level 8. HP: 74/74 MP: 7/7
  4258 | D:5      | Noticed Prince Ribbit
  4288 | D:5      | HP: 3/74 [Prince Ribbit (12)]
  4289 | D:5      | Killed Prince Ribbit
  4853 | D:5      | Learned a level 7 spell: Summon Hydra
  5006 | D:6      | Noticed a troll
  5073 | D:5      | Slain by a troll

Illustrated notes

Levels and vault maps discovered:
D:1:      ebering_trefoil_3fold, layout_basic,
          ebering_ecumenical_altar_abandoned, kennysheep_small_spiral,
          minmay_worlds_worst_comb
D:2:      cheibrodos_pilgrimage, layout_basic, minmay_surrounded
D:3:      minmay_octagon_keep, layout_loops_ring
D:4:      layout_loops_corners, kennysheep_mini, temple_doors_e,
          hellmonk_ghost_happy_afterlife, uniq_eustachio, uniq_sigmund
D:5:      layout_basic, uniq_prince_ribbit1
D:6:      layout_cave_pools, nicolae_benzene_ring, nicolae_grassy_gnolls,
          uniq_crazy_yiuf_cottage
Temple:   hellmonk_temple_divided_pantheon

Skill      XL: |  1  2  3  4  5  6  7 |
---------------+----------------------+-----
Maces & Flails | 2 3 4 6 7 |  7.8
Dodging        | 3 4 5 |  5.7
Fighting       | |  2.4
Shields        | |  2.6
Summonings     | |  0.1

Action                   |  1- 3 |  4- 6 |  7- 9 || total
-------------------------+-------+-------+-------++-------
Melee: Flail             |   119 |   219 |   201 ||   539
Evoke: Wand              |       |       |     1 ||     1
  Use: Scroll            |     3 |     5 |     4 ||    12
       Potion            |     1 |     3 |     3 ||     7
 Stab: Sleeping          |     3 |       |       ||     3
Armor: Robe              |    49 |    64 |    62 ||   175
Dodge: Dodged            |    76 |   108 |   109 ||   293
Block: Kite shield       |    55 |    79 |   106 ||   240
